 Dungeon Crawl Stone Soup version 0.29.1-13-g9f3cf754e1 (webtiles) character file.

Game seed: 4038336511184406776

31263 Sanktem7 the Warrior (level 13, -2/136 HPs)
             Began as a Minotaur Fighter on Jan 23, 2023.
             Was an Elder of Trog.
             Slain by a harpy (10 damage)
             ... on level 5 of the Lair of Beasts.
             The game lasted 00:19:26 (13831 turns).

Sanktem7 the Warrior (Minotaur Fighter)            Turns: 13831, Time: 00:19:27

Health: -2/136     AC: 17    Str: 32    XL:     13   Next: 25%
Magic:  12/12      EV: 26    Int:  5    God:    Trog [****..]
Gold:   734        SH:  4    Dex: 10    Spells: 12/12 levels left

rFire   . . .      SeeInvis .   t - +5 war axe (flame) {axe}
rCold   . . .      Faith    .   c - +0 buckler
rNeg    . . .      Spirit   .   l - +0 plate armour
rPois   .          Reflect  .   (helmet restricted)
rElec   .          Harm     .   F - +1 cloak
rCorr   .          Rampage  .   (no gloves)
Will    .....                   j - +0 pair of boots
Stlth   ..........              D - amulet of the acrobat
HPRegen 0.32/turn               p - +6 ring of strength
MPRegen 0.13/turn               y - +4 ring of evasion

@: acrobatic
A: horns 2, retaliatory headbutt
a: Renounce Religion, Berserk, Trog's Hand, Brothers in Arms


You were on level 5 of the Lair of Beasts.
You worshipped Trog.
Trog was greatly pleased with you.
You visited 3 branches of the dungeon, and saw 14 of its levels.

You collected 734 gold pieces.


Innate Abilities, Weirdness & Mutations

You have a pair of horns on your head.
You reflexively headbutt those who attack you in melee.


   Skills:
 * Level 18.5 Fighting
 * Level 18.3 Axes
 - Level 8.0 Armour
 - Level 3.6 Shields


You had 12 spell levels left.
You didn't know any spells.
Your spell library contained the following spells:

 Spells                   Type           Power      Damage    Failure   Level
 Necrotise                Necr           0%         1d4       99%         1
 Blink                    Tloc           0%         N/A       100%        2
 Ensorcelled Hibernation  Hex/Ice        0%         N/A       100%        2
 Static Discharge         Conj/Air       0%         3-3/arc   100%        2
 Lesser Beckoning         Tloc           0%         N/A       100%        3
 Portal Projectile        Hex/Tloc       0%         N/A       100%        3
 Spider Form              Tmut/Pois      0%         N/A       100%        3
 Tukima's Dance           Hex            0%         N/A       100%        3
 Vampiric Draining        Necr           0%         2d6       100%        3
 Anguish                  Hex/Necr       0%         N/A       100%        4
 Agony                    Necr           0%         N/A       100%        5
 Blade Hands              Tmut           0%         N/A       100%        5
 Lightning Bolt           Conj/Air       0%         1d11      100%        5
 Manifold Assault         Tloc           0%         N/A       100%        5
 Maxwell's Capacitive Co  Air            0%         ∞         100%        8

Inventory:

Hand Weapons
 t - a +5 war axe of flaming (weapon) {axe}
   (You found it on level 2 of the Dungeon)
Missiles
 b - 19 poisoned darts (quivered) {throwing}
 A - a curare-tipped dart {=fthrowing}
 B - 6 atropa-tipped darts {throwing}
 E - 3 boomerangs {throwing}
 I - 34 stones {throwing}
 K - 4 datura-tipped darts {throwing}
 M - 6 silver javelins {throwing}
Armour
 c - a +0 buckler (worn)
 j - a +0 pair of boots (worn)
   (You found it on level 7 of the Dungeon)
 l - a +0 plate armour (worn)
   (You found it on level 1 of the Dungeon)
 F - a +1 cloak (worn)
   (You took it off Crazy Yiuf on level 6 of the Dungeon)
Magical Staves
 P - a staff of death {forbidden!astaff}
   (You found it on level 4 of the Lair of Beasts)
Jewellery
 p - a +6 ring of strength (left hand)
   (You found it on level 2 of the Dungeon)
 q - a ring of protection from fire
   (You took it off a centaur on level 7 of the Dungeon)
 u - a ring of ice
   (You found it on level 2 of the Lair of Beasts)
 y - a +4 ring of evasion (right hand)
   (You found it on level 6 of the Dungeon)
 D - an amulet of the acrobat (around neck)
   (You found it on level 6 of the Dungeon)
Wands
 w - a wand of acid (13)
   (You found it on level 4 of the Dungeon)
 N - a wand of flame (7)
   (You found it on level 4 of the Lair of Beasts)
 O - a wand of iceblast (4)
   (You found it on level 4 of the Lair of Beasts)
Scrolls
 e - a scroll of identify {@r1}
 h - 4 scrolls of magic mapping {!r}
 k - 2 scrolls of teleportation {@r4}
 n - 5 scrolls of butterflies
 o - 2 scrolls of poison {!r}
 s - a scroll of brand weapon
 x - 2 scrolls of torment {!r}
 C - 2 scrolls of blinking {!r}
 G - a scroll of amnesia
 H - a scroll of silence {unknown}
 J - a scroll of vulnerability {unknown}
 L - a scroll of noise {!r}
 Q - a scroll of summoning {unknown}
Potions
 a - a potion of flight
 d - 2 potions of might
 f - 5 potions of mutation {!q}
 i - 3 potions of lignification {!q}
 m - 7 potions of curing {@q1}
 r - 5 potions of brilliance
 v - a potion of resistance
 z - 8 potions of ambrosia
 S - a potion of cancellation
Miscellaneous
 R - a lightning rod (4/4)
   (You found it on level 4 of the Lair of Beasts)

Dungeon Overview and Level Annotations

Branches:
Dungeon (8/15) Zot: 25705  Temple (1/1) D:7 Zot: 5985    Lair (5/5) D:8 Zot: 24060
  Swamp (0/4) Lair:3        Snake (0/4) Lair:2        Slime (0/5) Lair:4

Altars:
Ashenzari
Dithmenos
Elyvilon
Fedhas
Gozag
Hepliaklqana
Kikubaaqudgha
Makhleb
Qazlal
Ru
Trog
Uskayaw
Vehumet
Wu Jian
Xom
Yredelemnul
Zin
The Shining One
Jiyva

Shops:
D:6 (

Annotations:
Lair:4 1 runed translucent door

#~~~~~~~~~~#~~~
##~~##~~##~~##~P
.~~.~~S~~F~~..~
.~~~..ll........
.....lS..t....#.
.....SyS........
.......hF.......
......hHH......
.......@.......
.......<.......
...............
...............
...............
#..............
#..............
.....<.........


You could see a snapping turtle, a black mamba, 2 cane toads, 2 harpies, 2
basilisks, a hornet, 3 water moccasins, a wyvern and 2 wolves.


Message History

You block the water moccasin's attack.
The cane toad barely misses you. 😱 HP[-6]
You take 6 damage, and now have 27/136 hp.
You feel better.
A nearby plant withers and dies.
The water moccasin closely misses you.
The dream sheep ruffles its wool and motes of dream dust sparkle, to no effect.
The water moccasin bites you but does no damage.
You block the elephant's attack.
The elephant trunk-slaps you but does no damage.
You block the elephant's attack.
The elephant trunk-slaps you but does no damage.
The elephant tramples you but does no damage.
The elephant barely misses you. The cane toad misses you.
An elephant comes into view.
The water moccasin bites you but does no damage. 😱 HP[+5]
You regained 5 hp, and now have 32/136 hp.
You barely miss the elephant. You slice the water moccasin!!
You burn the water moccasin. You slash the elephant! You burn the elephant.
You hit the elephant. You burn the elephant.
You barely miss the water moccasin. You slash the cane toad!
You burn the cane toad.
Your surroundings suddenly seem different.
Splash!
A snapping turtle and a basilisk come into view. 😱 HP[+1]
You barely miss the basilisk. You slash the plant!
The plant begins to die.
You burn the plant.
Your unstable footing causes you to fumble your attack.
You barely miss the basilisk. You completely miss the plant.
A wolf comes into view.
The basilisk bites you but does no damage. 😱 HP[+1]
The basilisk splashes around in the water.
Something bites the plant.
The plant begins to die.
The cane toad stings the plant!!
The basilisk splashes around in the water.
The snapping turtle closely misses you.
A nearby plant withers and dies.
A wolf comes into view. 😨 HP[+1]
The water moccasin closely misses you. You furiously retaliate!
You headbutt the water moccasin! The harpy barely misses you.
The harpy completely misses you.
A black mamba comes into view.
The snapping turtle misses you.
The water moccasin attacks as you move away!
The water moccasin misses you. The harpy attacks as you move away!
The harpy closely misses you. The harpy claws you but does no damage.
Found a stone staircase leading up.
You block the harpy's attack. The harpy barely misses you.
The harpy closely misses you. The harpy claws you.
* * * LOW HITPOINT WARNING * * *
A basilisk comes into view.
The harpy completely misses you. The harpy barely misses you.
You block the harpy's attack. The harpy barely misses you. The wolf bites you.
* * * LOW HITPOINT WARNING * * *
😱 HP[-5]
You take 5 damage, and now have 30/136 hp.
The harpy attacks as you move away! The harpy completely misses you. x2
The harpy attacks as you move away! The harpy completely misses you.
The harpy claws you.
* * * LOW HITPOINT WARNING * * *
The sentinel's mark upon you fades away.
The wolf completely misses you. The harpy completely misses you.
The harpy closely misses you. The wolf closely misses you.
The harpy completely misses you. The harpy closely misses you.
The wolf bites you but does no damage. The water moccasin closely misses you.
The harpy completely misses you. You furiously retaliate!
You headbutt the harpy.
The harpy claws you but does no damage. 😱 HP[-3]
You take 3 damage, and now have 27/136 hp.
The wolf attacks as you move away! You block the wolf's attack.
The harpy screeches!
The harpy completely misses you. You block the harpy's attack. x2
The harpy barely misses you. The wolf bites you but does no damage.
The wolf attacks as you move away! The wolf closely misses you.
The harpy screeches!
You hear a loud, deep croak!
The harpy completely misses you. x2
The water moccasin completely misses you.
You furiously retaliate!
You headbutt the water moccasin. 😱 HP[+1]
The harpy misses you. You furiously retaliate!
You headbutt the harpy! The harpy misses you. The wolf bites you.
* * * LOW HITPOINT WARNING * * *
😱 HP[-3]
You take 3 damage, and now have 25/136 hp.
The cane toad attacks as you move away! The cane toad stings you!
* * * LOW HITPOINT WARNING * * *
The harpy attacks as you move away! The harpy completely misses you.
You furiously retaliate!
You headbutt the harpy! You block the harpy's attack. The harpy misses you.
The harpy closely misses you.
The harpy completely misses you. x2; The wolf bites you.
* * * LOW HITPOINT WARNING * * *
The cane toad completely misses you. 😱 HP[-18]
You take 18 damage, and now have 7/136 hp.
Found a stone staircase leading up.
You block the harpy's attack. The harpy barely misses you.
The harpy closely misses you. You furiously retaliate!
You headbutt the harpy. The harpy claws you!
You die...

Skill      XL: |  1  2  3  4  5  6  7  8  9 10 11 12 13 |
---------------+----------------------------------------+-----
Fighting       | 4 5 6 7 9 11 13 16 18 | 18.5
Axes           | 3 4 5 6 7 9 11 13 15 17 18 | 18.3
Armour         | 4 5 6 7 8 |  8.0
Shields        | |  3.6

Action                   |  1- 3 |  4- 6 |  7- 9 | 10-12 | 13-15 || total
-------------------------+-------+-------+-------+-------+-------++-------
Melee: War axe           |    68 |    85 |   157 |   319 |    59 ||   688
       Headbutt          |     9 |     9 |    31 |    63 |    16 ||   128
  Use: Scroll            |       |       |    16 |     5 |     2 ||    23
       Potion            |       |       |     4 |     3 |     3 ||    10
Armor: Scale mail        |    18 |       |       |       |       ||    18
       Plate armour      |    11 |    34 |    70 |   144 |    54 ||   313
Dodge: Dodged            |    26 |    27 |   108 |   201 |    92 ||   454
Block: Buckler           |    14 |    20 |    32 |    68 |    31 ||   165

Levels and vault maps discovered:
D:1:      psy_arrival_fountain, layout_loops_ring,
          nicolae_ecumenical_snake_handling
D:2:      layout_loops_ring, kennysheep_generic_room_16, uniq_natasha
D:3:      layout_basic, grunt_dithmenos_smoke_and_mirrors, marbit_many_paths,
          minmay_stone_trees_small
D:4:      layout_basic, serial_glass, glass_columns_b, glass_columns_a
D:5:      layout_basic, dk_rats_in_the_wall
D:6:      layout_loops_cross, fedhas_altar_4, gammafunk_ghost_grave,
          nicolae_take_the_stairs, uniq_duvessa, uniq_blork_the_orc,
          uniq_crazy_yiuf_cottage
D:7:      layout_basic, mainiacjoe_overflow_small_starburst, temple_fountains
D:8:      layout_basic, mainiacjoe_overflow_two_lobes,
          grunt_lair_entry_orc_guard_hut, minivault_5, uniq_maggie
Temple:   nicolae_temple_no_exploring_needed
Lair:1:   layout_chaotic_city
Lair:2:   layout_roguey [special_room_bee], guppyfry_snake_entry_garden,
          grunt_forest_small_clearing_treed
Lair:3:   wander_river, layout_regular_city, swamp_mist_pool, lemuel_fruit_tree
Lair:4:   layout_long_grid, slime_entry_2
Lair:5:   gammafunk_lair_ancient_temple, layout_hall_layers,
          nicolae_lair_grove_arrangements

Notes
Turn   | Place    | Note
-------+----------+-------------------------------------------
     0 | D:1      | Sanktem7 the Minotaur Fighter began the quest for the Orb.
     0 | D:1      | Reached XP level 1. HP: 19/19 MP: 0/0
     0 | D:1      | magus.rc [v1.9.6]
    87 | D:1      | Found a faded altar of an unknown god.
   138 | D:1      | Reached XP level 2. HP: 19/27 MP: 1/1
   274 | D:1      | Reached skill level 4 in Fighting
   493 | D:1      | Reached skill level 3 in Axes
   514 | D:1      | You pick up a book of Dreams and begin reading...
   514 | D:1      | You add the spells Ensorcelled Hibernation, Spider Form and
                  | Anguish to your library.
   716 | D:1      | Reached skill level 4 in Armour
   782 | D:1      | Reached XP level 3. HP: 32/33 MP: 2/2
  1181 | D:2      | Noticed Natasha
  1184 | D:2      | Killed Natasha
  1379 | D:2      | Reached XP level 4. HP: 41/41 MP: 3/3
  1557 | D:2      | Reached skill level 4 in Axes
  1564 | D:2      | Reached skill level 5 in Fighting
  1937 | D:2      | You pick up a book of Spatial Translocations and begin
                  | reading...
  1937 | D:2      | You add the spells Blink, Lesser Beckoning and Manifold
                  | Assault to your library.
  1997 | D:2      | Noticed Natasha
  1999 | D:2      | Killed Natasha
  2000 | D:2      | Reached XP level 5. HP: 47/48 MP: 4/4
  2028 | D:3      | Found a shadowy altar of Dithmenos.
  2501 | D:3      | Found a glowing silver altar of Zin.
  2780 | D:4      | Reached skill level 5 in Axes
  2971 | D:4      | Noticed a phantom
  2976 | D:4      | Killed a phantom
  2977 | D:4      | Reached skill level 6 in Fighting
  2977 | D:4      | Reached skill level 5 in Armour
  2977 | D:4      | Reached XP level 6. HP: 52/57 MP: 5/5
  3230 | D:4      | You pick up a book of Necromancy and begin reading...
  3230 | D:4      | You add the spells Necrotise, Vampiric Draining and Agony
                  | to your library.
  3586 | D:5      | Entered Level 5 of the Dungeon
  3755 | D:5      | Noticed an ice beast
  3761 | D:5      | Killed an ice beast
  3762 | D:5      | Reached skill level 6 in Axes
  3785 | D:5      | Reached XP level 7. HP: 64/64 MP: 6/6
  4287 | D:6      | Noticed Dowan
  4288 | D:6      | Noticed Duvessa
  4294 | D:6      | Killed Duvessa
  4295 | D:6      | Reached skill level 7 in Fighting
  4296 | D:6      | Killed Dowan
  4385 | D:6      | Found a runed translucent door.
  4386 | D:6      | Noticed Crazy Yiuf
  4439 | D:6      | Noticed Blork the orc
  4451 | D:6      | Killed Blork the orc
  4453 | D:6      | Reached skill level 7 in Axes
  4569 | D:6      | Found Vilig's Weapon Shoppe.
  4667 | D:6      | Reached skill level 6 in Armour
  4677 | D:6      | Reached XP level 8. HP: 46/74 MP: 7/7
  4678 | D:6      | Reached skill level 8 in Fighting
  4888 | D:6      | Found a runed translucent door.
  4890 | D:6      | Noticed Gibbon's ghost (novice DECj)
  4943 | D:6      | Reached skill level 8 in Axes
  5021 | D:6      | Found a blossoming altar of Fedhas.
  5383 | D:6      | Killed Gibbon's ghost
  5384 | D:6      | Reached skill level 9 in Fighting
  5384 | D:6      | Reached skill level 7 in Armour
  5678 | D:6      | Killed Crazy Yiuf
  5753 | D:7      | Found a staircase to the Ecumenical Temple.
  5758 | D:7      | Reached skill level 9 in Axes
  5804 | Temple   | Entered the Ecumenical Temple
  5811 | Temple   | Became a worshipper of Trog the Wrathful
  5885 | D:7      | Reached XP level 9. HP: 84/84 MP: 8/8
  5944 | D:7      | Reached skill level 10 in Fighting
  6230 | D:7      | Found an opulent altar of Gozag.
  6634 | D:8      | Noticed a komodo dragon
  6642 | D:8      | Killed a komodo dragon
  6643 | D:8      | Reached skill level 10 in Axes
  6743 | D:8      | Noticed Maggie
  6750 | D:8      | Killed Maggie
  6750 | D:8      | Reached * piety under Trog
  6751 | D:8      | Reached skill level 11 in Fighting
  6751 | D:8      | Reached skill level 8 in Armour
  7252 | D:8      | Reached skill level 11 in Axes
  7322 | D:8      | Reached XP level 10. HP: 93/97 MP: 9/9
  7335 | D:8      | Found a shimmering altar of Xom.
  7362 | D:8      | Found a white marble altar of Elyvilon.
  7527 | D:8      | Found a staircase to the Lair.
  7820 | Lair:1   | Entered Level 1 of the Lair of Beasts
  7820 | Lair:1   | Noticed a catoblepas
  7830 | Lair:1   | Killed a catoblepas
  7831 | Lair:1   | Reached skill level 12 in Fighting
  7834 | Lair:1   | Reached skill level 12 in Axes
  7868 | Lair:1   | Noticed a cane toad
  7877 | Lair:1   | Killed a cane toad
  8211 | Lair:1   | Reached skill level 13 in Fighting
  8212 | Lair:1   | Noticed a death yak
  8213 | Lair:1   | Noticed a death yak
  8215 | Lair:1   | Noticed a death yak
  8219 | Lair:1   | Reached skill level 13 in Axes
  8224 | Lair:1   | HP: 24/101 [death yak (7)]
  8228 | Lair:1   | Killed a death yak
  8231 | Lair:1   | HP: 2/102 [death yak (12)]
  8234 | Lair:1   | Killed a death yak
  8235 | Lair:1   | Reached XP level 11. HP: 33/108 MP: 10/10
  8235 | Lair:1   | Killed a death yak
  8236 | Lair:1   | Reached skill level 14 in Fighting
  8931 | Lair:1   | Reached skill level 14 in Axes
  9195 | Lair:1   | Noticed a six-headed hydra
  9205 | Lair:1   | Killed a three-headed hydra
  9837 | Lair:2   | You pick up a book of Lightning {forbidden} and begin
                  | reading...
  9837 | Lair:2   | You add the spells Static Discharge, Lightning Bolt and
                  | Maxwell's Capacitive Coupling to your library.
  9865 | Lair:2   | Found a staircase to the Snake Pit.
  9888 | Lair:2   | Reached skill level 15 in Fighting
  9890 | Lair:2   | Reached ** piety under Trog
  9919 | Lair:2   | HP: 28/112 [poisoned by a killer bee]
 10338 | Lair:2   | Reached skill level 15 in Axes
 11173 | Lair:3   | Noticed a five-headed hydra
 11179 | Lair:3   | Killed a two-headed hydra
 11182 | Lair:3   | Noticed a boulder beetle
 11198 | Lair:3   | Killed a boulder beetle
 11199 | Lair:3   | Reached skill level 16 in Fighting
 11199 | Lair:3   | Reached XP level 12. HP: 104/122 MP: 11/11
 11352 | Lair:3   | Found a staircase to the Swamp.
 11429 | Lair:3   | Reached *** piety under Trog
 11430 | Lair:3   | Reached skill level 16 in Axes
 11537 | Lair:3   | Noticed a four-headed hydra
 11545 | Lair:3   | Killed a one-headed hydra
 11563 | Lair:3   | Noticed a boulder beetle
 11578 | Lair:3   | Killed a boulder beetle
 11928 | Lair:3   | Reached skill level 17 in Fighting
 12451 | Lair:4   | Reached skill level 17 in Axes
 12616 | Lair:4   | You pick up a book of Weapons {forbidden} and begin
                  | reading...
 12616 | Lair:4   | You add the spells Tukima's Dance, Portal Projectile and
                  | Blade Hands to your library.
 12802 | Lair:4   | Reached **** piety under Trog
 12817 | Lair:4   | Reached skill level 18 in Fighting
 13016 | Lair:4   | Noticed a seven-headed hydra
 13022 | Lair:4   | Killed a four-headed hydra
 13023 | Lair:4   | Reached XP level 13. HP: 103/134 MP: 12/12
 13276 | Lair:4   | Reached skill level 18 in Axes
 13587 | Lair:4   | Found a runed translucent door.
 13587 | Lair:4   | Found a viscous altar of Jiyva.
 13588 | Lair:4   | Found a staircase to the Slime Pits.
 13588 | Lair:4   | Noticed an azure jelly
 13588 | Lair:4   | Noticed an azure jelly
 13588 | Lair:4   | Noticed an azure jelly
 13610 | Lair:5   | Entered Level 5 of the Lair of Beasts
 13801 | Lair:5   | HP: 32/136 [harpy (4)]
 13812 | Lair:5   | HP: 31/136 [cane toad (4)]
 13825 | Lair:5   | HP: 34/136 [harpy (2)]
 13830 | Lair:5   | HP: 8/136 [cane toad (17)]
 13831 | Lair:5   | Slain by a harpy

Vanquished Creatures
  2 boulder beetles (Lair:3)
  4 hydras
  A catoblepas (Lair:1)
  3 death yaks (Lair:1)
  A sea snake (Lair:5)
  A lindwurm (Lair:3)
  4 black mambas
  The ghost of Gibbon the Destroyer, a novice DECj of Vehumet (D:6)
  13 elephants
  Maggie (D:8)
  9 cane toads
  A rime drake (Lair:3)
  10 komodo dragons
  A hornet (D:8)
  A queen bee (Lair:2)
  A polar bear (Lair:3)
  9 blink frogs
  2 wyverns
  24 yaks
  A basilisk (Lair:3)
  A steam dragon (Lair:5)
  A naga (Lair:2)
  Duvessa (D:6)
  12 water moccasins
  An orc warrior (D:8)
  2 sky beasts
  3 black bears
  An ice beast (D:5)
  9 wolves (Lair:3)
  3 centaurs
  A phantom (D:4)
  A kobold brigand (D:7)
  Blork the orc (D:6)
  12 bullfrogs
  3 scorpions
  Dowan (D:6)
  3 wights (D:6)
  33 killer bees
  A howler monkey (D:6)
  4 hounds
  Crazy Yiuf (D:6)
  A gnoll bouda (D:8)
  2 orc priests
  2 iguanas (D:7)
  Natasha (twice) (D:2)
  3 orc wizards
  9 gnolls
  5 adders
  2 white imps
  2 worms (D:2)
  2 dart slugs
  15 orcs
  9 endoplasms
  A giant cockroach (D:3)
  5 goblins
  2 hobgoblins
  4 jackals (D:1)
  2 quokkas (D:1)
  13 ball pythons
  5 bats
  5 frilled lizards
  9 kobolds
  4 rats
289 creatures vanquished.

Vanquished Creatures (others)
  2 kobolds (D:7)
  17 fungi
  50 plants
  2 withered plants (D:6)
71 creatures vanquished.

Grand Total: 360 creatures vanquished

Table legend:
 A = Non-vault XP
 B = Vault XP
 C = Vault XP percentage of total XP
 D = Non-vault monster count
 E = Vault monster count
 F = Vault count percentage of total count
                 A         B        C        D         E       F
            +---------+---------+-------+---------+---------+-------
      Total |   38602 |    6060 |  13.6 |     240 |      49 |  17.0
            +---------+---------+-------+---------+---------+-------
        D:1 |      44 |       5 |  10.2 |      28 |       3 |   9.7
        D:2 |     114 |      40 |  26.0 |      15 |       2 |  11.8
        D:3 |     127 |       2 |   1.6 |      21 |       1 |   4.5
        D:4 |     158 |       0 |   0.0 |      12 |       0 |   0.0
        D:5 |     316 |       0 |   0.0 |       6 |       0 |   0.0
        D:6 |     865 |     799 |  48.0 |      15 |       5 |  25.0
        D:7 |     811 |       0 |   0.0 |      15 |       0 |   0.0
        D:8 |    1438 |    1252 |  46.5 |      20 |       6 |  23.1
     Lair:1 |    9215 |       0 |   0.0 |      26 |       0 |   0.0
     Lair:2 |    2299 |    1983 |  46.3 |       6 |      27 |  81.8
     Lair:3 |   11179 |       0 |   0.0 |      38 |       0 |   0.0
     Lair:4 |   11223 |       0 |   0.0 |      34 |       0 |   0.0
     Lair:5 |     813 |    1979 |  70.9 |       4 |       5 |  55.6
            +---------+---------+-------+---------+---------+-------

Illustrated notes

Table legend:
 A = Kills in this place as a percentage of kills in entire the game.
 B = Kills by you in this place as a percentage of kills by you in the entire game.
 C = Kills by friends in this place as a percentage of kills by friends in the entire game.
 D = Other kills in this place as a percentage of other kills in the entire game.
 E = Experience gained in this place as a percentage of experience gained in the entire game.
 F = Experience gained in this place divided by the number of levels of this place that you have seen.
                   A       B       C       D       E      F
               +-------+-------+-------+-------+-------+----------------------
         Total | 100.0 | 100.0 |   N/A |   N/A | 100.0 | 3190.1
       Dungeon |  51.6 |  51.6 |   N/A |   N/A |  13.4 | 746.4
          Lair |  48.4 |  48.4 |   N/A |   N/A |  86.6 | 7738.2
               +-------+-------+-------+-------+-------+----------------------

Table legend: (Time is in decaauts)
 A = Elapsed time spent in this place.
 B = Non-inter-level travel time spent in this place.
 C = Inter-level travel time spent in this place.
 D = Time resting spent in this place.
 E = Time spent auto-exploring this place.
 F = Levels seen in this place.
 G = Mean time per level.
                   A        B        C        D        E       F      G
               +--------+--------+--------+--------+--------+-----+--------+
         Total |  13809 |  13548 |    261 |      0 |  12046 |  14 |  986.4 |
       Dungeon |   7856 |   7635 |    221 |      0 |   6773 |   8 |  982.0 |
        Temple |     14 |     14 |      0 |      0 |      0 |   1 |   14.0 |
          Lair |   5938 |   5898 |     40 |      0 |   5273 |   5 | 1187.6 |
               +--------+--------+--------+--------+--------+-----+--------+

Top non-repeatable levels by time:
  Lair:1: 1791 daAuts
  Lair:2: 1512 daAuts
     D:6: 1471 daAuts
     D:8: 1294 daAuts
  Lair:3: 1245 daAuts
     D:1: 1202 daAuts
  Lair:4: 1171 daAuts
     D:4: 903 daAuts
     D:2: 856 daAuts
     D:7: 760 daAuts
     D:5: 690 daAuts
     D:3: 677 daAuts
  Lair:5: 217 daAuts
  Temple: 14 daAuts
